Map: Dusk Towers

Players

Nerchio - Winner!

  • Race: Zerg Zerg
  • League: Grandmaster

ShoWTimE

  • Race: Protoss Protoss

Event: DreamHack ROCCAT LotV Championship

VOD

Have the link to the VOD?

Description

Time

  • Played on: Nov. 28, 2015, 8:56 a.m.
  • Length: 10:07

All games in this series

Show
View Real Time Build Order
Export as new Build Order

Nerchio Zerg - Winner!

Build Orders: Hatch First, Lurkers 

Get SALT Encoding   

  12  0:00  Drone  
  13  0:12  Overlord  
  13  0:17  Drone  
  14  0:30  Drone x2  
  14  0:34  Drone  
  17  0:52  Hatchery  
  17  0:55  Drone  
  17  0:58  Drone  
  18  1:11  Spawning Pool  
  17  1:14  Drone  
  17  1:17  Drone  
  19  1:44  Overlord, Extractor  
  18  1:52  Hatchery  
  17  1:57  Queen  
  17  1:58  Zergling x2  
  17  2:01  Drone  
  21  2:05  Drone  
  22  2:17  Queen  
  22  2:19  Drone  
  22  2:22  Drone  
  26  2:25  Drone  
  26  2:28  Drone  
  28  2:32  Drone  
  28  2:35  Drone  
  30  2:37  Drone  
  31  2:45  Metabolic Boost  
  31  2:47  Drone  
  31  2:49  Drone  
  33  2:55  Overlord  
  33  2:58  Drone  
  34  3:02  Evolution Chamber  
  34  3:05  Drone x2  
  34  3:11  Drone x2  
  34  3:12  Drone  
  37  3:20  Zergling x6  
  37  3:23  Queen  
  42  3:29  Queen  
  42  3:32  Zergling x2  
  42  3:33  Zergling x2  
  46  3:35  Drone  
  46  3:36  Drone  
  46  3:39  Overlord  
  46  3:40  Drone  
  49  3:41  Drone  
  49  3:44  Overlord  
  50  3:53  Extractor  
  50  3:55  Drone  
  50  3:57  Drone x5  
  50  3:58  Drone  
  50  3:59  Drone  
  57  4:07  Drone  
  59  4:10  Drone, Extractor  
  59  4:11  Drone  
  59  4:19  Drone  
  59  4:21  Drone  
  59  4:22  Drone x4  
  65  4:25  Lair  
  65  4:28  Roach Warren  
  64  4:32  Overlord  
  64  4:34  Drone  
  64  4:35  Drone  
  64  4:36  Overlord x2  
  64  4:38  Extractor  
  65  4:43  Spore Crawler, Overlord  
  65  4:44  Overlord  
  64  4:47  Drone x2  
  64  4:51  Drone x2  
  68  4:54  Drone  
  68  4:55  Drone x3  
  68  4:57  Zerg Melee Weapons Level 1  
  68  4:59  Drone  
  73  5:03  Overlord  
  73  5:05  Drone  
  74  5:08  Overlord, Extractor  
  74  5:09  Drone x3  
  74  5:12  Overlord  
  76  5:16  Drone  
  76  5:18  Drone x2  
  76  5:21  Extractor  
  78  5:26  Hydralisk Den, Roach x4  
  85  5:32  Roach x3  
  85  5:34  Drone  
  92  5:36  Drone x2  
  92  5:38  Glial Reconstitution  
  94  5:47  Hatchery  
  92  5:54  Lurker Den  
  91  5:57  Drone x3  
  91  6:02  Hydralisk x4  
  102  6:07  Extractor  
  102  6:08  Hydralisk x3  
  107  6:12  Hydralisk  
  107  6:15  Drone x3  
  107  6:16  Overlord  
  112  6:18  Overlord  
  112  6:20  Overlord  
  112  6:27  Hydralisk  
  112  6:28  Hydralisk x2  
  112  6:29  Hydralisk  
  112  6:31  Overseer  
  119  6:34  Overlord  
  119  6:41  Hydralisk  
  119  6:44  Roach x5  
  119  6:45  Roach  
  133  6:48  Roach  
  133  6:49  Roach  
  133  6:52  Overlord x2  
  137  6:57  Roach x3  
  137  6:59  Roach  
  137  7:00  Roach  
  147  7:02  Roach  
  147  7:04  Roach  
  149  7:16  Roach x5  
  149  7:17  Roach x3  
  149  7:21  Lurker x5  
  168  7:24  Roach  
  168  7:25  Roach  
  168  7:26  Roach  
  168  7:28  Roach  
  176  7:36  Overlord  
  176  7:46  Roach x2  
  176  7:47  Overlord  
  176  7:48  Overlord  
  176  7:53  Roach  
  176  7:54  Roach  
  176  7:57  Overlord x2  
  178  8:01  Roach x3  
  178  8:02  Overlord x2  
  178  8:03  Overseer  
  184  8:07  Roach  
  184  8:08  Roach x7  
  198  8:13  Roach x2  
  198  8:17  Roach  
  198  8:18  Roach  
  194  8:22  Roach  
  194  8:24  Roach  
  190  8:27  Roach  
  190  8:29  Roach x2  
  190  8:30  Roach x2  
  190  8:33  Roach  
  190  8:36  Roach  
  190  8:39  Roach x2  
  194  8:42  Roach  
  194  8:46  Queen  
  199  8:52  Lurker  
  199  8:53  Lurker x2  
  198  9:00  Infestation Pit  
  195  9:06  Roach x2  
  191  9:17  Roach  
  191  9:18  Roach x3  
  191  9:19  Roach  
  197  9:26  Roach  
  197  9:29  Roach x2  
  197  9:30  Roach x2  
  199  9:37  Roach x5  
  198  9:42  Roach  
  190  9:46  Roach  
  164  10:01  Spine Crawler  
Show
View Real Time Build Order
Export as new Build Order

ShoWTimE Protoss 

Build Orders: Nexus First, Zealot Archon 

Get SALT Encoding   

  12  0:01  Probe (Chrono Boost)  
  13  0:11  Probe (Chrono Boost)  
  14  0:17  Pylon  
  14  0:22  Probe (Chrono Boost)  
  15  0:36  Probe (Chrono Boost)  
  16  0:46  Probe (Chrono Boost)  
  17  1:02  Nexus  
  17  1:12  Gateway, Probe (Chrono Boost)  
  18  1:23  Probe (Chrono Boost), Assimilator  
  19  1:30  Assimilator  
  19  1:34  Probe (Chrono Boost)  
  20  1:40  Gateway  
  20  1:44  Probe (Chrono Boost)  
  21  1:55  Probe (Chrono Boost)  
  21  2:00  Cybernetics Core  
  22  2:05  Probe (Chrono Boost)  
  23  2:14  Probe (Chrono Boost)  
  24  2:16  Probe (Chrono Boost)  
  25  2:24  Probe (Chrono Boost)  
  25  2:26  Probe (Chrono Boost)  
  27  2:35  Probe (Chrono Boost)  
  27  2:37  Probe (Chrono Boost), Adept x2 (Chrono Boost)  
  33  2:38  Warp Gate  
  33  2:42  Pylon  
  33  2:46  Probe  
  33  2:49  Probe  
  35  2:53  Pylon  
  35  2:59  Probe (Chrono Boost)  
  35  3:01  Probe (Chrono Boost)  
  35  3:03  Sentry x2 (Chrono Boost)  
  41  3:10  Probe (Chrono Boost)  
  41  3:11  Pylon  
  41  3:12  Probe (Chrono Boost)  
  43  3:21  Probe (Chrono Boost)  
  43  3:24  Mothership Core (Chrono Boost)  
  46  3:28  Forge  
  46  3:32  Probe (Chrono Boost)  
  47  3:42  Probe (Chrono Boost), Nexus  
  47  3:45  Probe (Chrono Boost)  
  47  3:47  Pylon  
  49  3:53  Probe (Chrono Boost)  
  49  3:55  Probe (Chrono Boost)  
  51  3:56  Pylon  
  51  4:02  Protoss Ground Weapons Level 1 (Chrono Boost)  
  51  4:03  Probe (Chrono Boost)  
  51  4:06  Probe (Chrono Boost), Assimilator  
  51  4:08  Assimilator  
  53  4:13  Phoenix x2  
  53  4:14  Probe (Chrono Boost)  
  53  4:16  Probe (Chrono Boost)  
  55  4:18  Twilight Council  
  55  4:24  Probe (Chrono Boost)  
  55  4:25  Photon Cannon  
  55  4:28  Pylon  
  55  4:29  Pylon  
  55  4:30  Probe (Chrono Boost)  
  57  4:35  Probe (Chrono Boost)  
  58  4:40  Probe (Chrono Boost)  
  58  4:44  Stalker x2  
  58  4:45  Probe (Chrono Boost), Charge  
  64  4:51  Probe (Chrono Boost)  
  65  4:53  Probe (Chrono Boost)  
  65  4:56  Probe (Chrono Boost)  
  67  5:02  Probe  
  67  5:03  Probe  
  69  5:07  Probe  
  69  5:12  Robotics Facility  
  69  5:14  Probe x2  
  71  5:19  Gateway, Probe  
  73  5:22  Gateway  
  73  5:26  Probe  
  73  5:27  Probe  
  74  5:29  Gateway  
  74  5:31  Gateway  
  74  5:35  Probe  
  76  5:41  Gateway  
  76  5:42  Gateway, Zealot x2, Protoss Ground Weapons Level 2 (Chrono Boost)  
  80  5:43  Probe  
  80  5:48  Assimilator  
  81  5:53  Probe  
  81  5:54  Pylon  
  81  6:00  Gateway x2  
  81  6:06  Templar Archives  
  81  6:07  Warp Prism (Chrono Boost)  
  83  6:13  Probe  
  83  6:14  Probe x2, Assimilator  
  86  6:19  Photon Cannon  
  86  6:21  Pylon x2  
  86  6:24  Blink  
  86  6:29  Zealot x3  
  92  6:34  Zealot x2  
  92  6:35  Zealot  
  92  6:39  Pylon  
  98  6:50  High Templar x3  
  98  6:53  Pylon, Zealot, High Templar  
  108  6:56  Archon  
  108  6:57  Zealot x2, High Templar x2  
  108  6:58  Zealot  
  108  7:00  Pylon  
  108  7:01  Archon x2  
  118  7:16  Adept  
  118  7:18  Zealot x3  
  118  7:22  Observer (Chrono Boost)  
  127  7:23  Zealot x3  
  127  7:27  Pylon  
  133  7:31  Pylon  
  133  7:39  Probe  
  133  7:41  Sentry x3  
  133  7:42  Stalker x2  
  134  7:49  Robotics Bay, Robotics Facility  
  108  7:59  Pylon  
  108  8:00  Stalker x3  
  108  8:01  Pylon  
  108  8:04  Pylon  
  112  8:06  Pylon  
  112  8:07  Sentry, Stalker x2  
  115  8:22  Stalker x3, Zealot  
  115  8:25  Zealot  
  123  8:33  Observer (Chrono Boost)  
  119  8:39  Zealot x3  
  119  8:40  Zealot  
  124  8:48  Disruptor (Chrono Boost)  
  108  8:57  Pylon  
  102  9:02  Pylon  
  102  9:03  Disruptor (Chrono Boost)  
  102  9:04  Pylon  
  101  9:13  Pylon  
  101  9:16  Pylon  
  99  9:19  Stalker x2  
  99  9:21  Disruptor (Chrono Boost)  
  102  9:27  Stalker  
  90  9:41  Stalker  
  90  9:42  Stalker x2  

Tags
 
Add a new tag
Caveats
  • Supply blocks, unpowered buildings, or Contaminate may cause inaccurate times.
  • Supply counts are checked every 10 seconds.